 Dungeon Crawl Stone Soup version 0.31-a0-1547-g618ab1f346 (webtiles) character file.

Game seed: 15698108496521452192

3342 Bnni the Geomancer (level 10, -13/77 HPs)
             Began as a Formicid Earth Elementalist on Jan 2, 2024.
             Was an Elder of Cheibriados.
             Mangled by a tentacled starspawn (28 damage)
             ... on level 1 of the Abyss.
             The game lasted 00:13:43 (6789 turns).

Bnni the Geomancer (Formicid Earth Elementalist)    Turns: 6789, Time: 00:13:44

Health: -13/77     AC: 19    Str: 28    XL:     10   Next: 22%
Magic:  3/19       EV: 12    Int: 28    God:    Cheibriados [****..]
Gold:   358        SH:  0    Dex: 23    Spells: 6/21 levels left

rFire   . . .        x - +1 dagger (venom)
rCold   . . .        (no shield)
rNeg    + . .        r - +0 ring mail {rN+}
rPois   .            (helmet unavailable)
rElec   .            j - +0 cloak
rCorr   +            (no gloves)
SInv    +            s - +1 pair of boots
Will    +....        (no amulet)
Stlth   ++           A - +6 ring of strength
HPRegen 0.32/turn    D - ring of resist corrosion
MPRegen 0.16/turn

%: no passive effects
@: very slow
A: permanent stasis, dig shafts and tunnels, antennae 3, four strong arms
a: Dig, Shaft Self, Renounce Religion, Bend Time, Temporal Distortion, Slouch


You were on level 1 of the Abyss.
You worshipped Cheibriados.
Cheibriados was greatly pleased with you.
You visited 1 branch of the dungeon, and saw 7 of its levels.
You visited the Abyss 1 time.

You collected 358 gold pieces.

Inventory:

Hand Weapons
 x - a +1 dagger of venom (weapon)
Missiles
 m - 8 poisoned darts
 w - a throwing net
Armour
 i - a +0 robe of cold resistance
 j - a +0 cloak (worn)
 r - a +0 ring mail of positive energy (worn)
 s - a +1 pair of boots (worn)
 E - a +0 plate armour
Magical Staves
 t - a staff of death
Jewellery
 h - a ring of ice
 A - a +6 ring of strength (left hand)
 D - a ring of resist corrosion (right hand)
Wands
 a - a wand of charming (5)
 p - a wand of quicksilver (1)
 y - a wand of iceblast (17)
Scrolls
 d - a scroll of noise {unknown}
 e - a scroll of identify {unknown}
 g - 3 scrolls of fear
 o - a scroll of blinking {unknown}
 v - a scroll of vulnerability {unknown}
 B - a scroll of fog {unknown}
 C - a scroll of enchant weapon {unknown}
 F - a scroll of amnesia {unknown}
Potions
 b - a potion of magic
 c - 7 potions of heal wounds {unknown}
 f - 4 potions of might {unknown}
 k - 2 potions of curing {unknown}
 l - 3 potions of mutation {unknown}
 n - a potion of resistance {unknown}
 u - a potion of degeneration {unknown}
 z - 2 potions of lignification {unknown}


   Skills:
 + Level 6.4 Fighting
 + Level 1.6 Armour
 - Level 1.7 Dodging
 - Level 2.4 Stealth
 + Level 6.4 Spellcasting
 - Level 3.0 Conjurations
 * Level 10.9 Earth Magic
 + Level 5.7 Evocations


You had 6 spell levels left.
You knew the following spells:

 Your Spells              Type           Power      Damage    Failure   Level
a - Sandblast             Erth           100%       2d20      1%          1
b - Passwall              Erth           63%        N/A       1%          3
c - Stone Arrow           Conj/Erth      96%        3d13      1%          3
d - Brom's Barrelling Bo  Conj/Erth      48%        2d7       4%          4
e - Petrify               Alch/Erth      39%        N/A       9%          4

Your spell library contained the following spells:

 Spells                   Type           Power      Damage    Failure   Level
 Ensorcelled Hibernation  Hex/Ice        16%        N/A       13%         2
 Call Canine Familiar     Summ           8%         N/A       26%         3
 Fugue of the Fallen      Necr           8%         N/A       26%         3
 Sigil of Binding         Hex            8%         N/A       26%         3
 Anguish                  Hex/Necr       4%         N/A       63%         4
 Dimensional Bullseye     Hex/Tloc       4%         N/A       63%         4


Dungeon Overview and Level Annotations

Branches:
Dungeon (7/15)
 Temple: D:4-7

Altars:
Ashenzari
Cheibriados
Trog
Uskayaw
Xom

Annotations:
D:6 1 runed translucent door


Innate Abilities, Weirdness & Mutations

You cannot be hasted, slowed, berserked, paralysed or teleported.
You can dig through walls and to a lower floor.
You have a pair of large antennae on your head. (SInv)
Your four strong arms can wield two-handed weapons with a shield.


Message History

You feel your power leaking away.
A tentacled starspawn comes into view.
Aiming: Sandblast (safe; 1% risk of failure)
Press: ? - help, Q - select action, (/) - cycle Shift-Dir - straight line, f/p - neqoxec
Aim: a neqoxec (moderately wounded, 82% to hit)
The blast of sand hits the neqoxec!!
The neqoxec is almost dead.
Unknown command.
Casting: Sandblast (safe; 1% risk of failure)
Confirm with . or Enter, or press ? or * to list all spells.
Aiming: Passwall (safe; 1% risk of failure)
Press: ? - help, Dir - move target, p - neqoxec A rock wall.
Tentacles burst from the starspawn's body!
You begin to meditate on the wall.
You continue meditating on the rock.
The starspawn tentacle grabs you.
Your meditation is interrupted.
The starspawn tentacle constricts you.
Unknown command.
Unknown command.
Unknown command.
Unknown command.
Unknown command.
You escape the starspawn tentacle's grasp.
The tentacled starspawn bites you!!
The tentacled starspawn tentacle-slaps you.
Casting: Passwall (safe; 1% risk of failure)
Confirm with . or Enter, or press ? or * to list all spells.
Aiming: Passwall (safe; 1% risk of failure)
Press: ? - help, Dir - move target A rock wall.
The tentacled starspawn barely misses you.
The tentacled starspawn tentacle-slaps you but does no damage.
You begin to meditate on the wall.
You continue meditating on the rock.
The tentacled starspawn bites you!!
* * * LOW HITPOINT WARNING * * *
The tentacled starspawn tentacle-slaps you.
* * * LOW HITPOINT WARNING * * *
You continue meditating on the rock.
The tentacled starspawn bites you!!
You die...

## . ,3 { ##.##
#.X#Λ ### ... ..#
#.#.# ####.# ##
#.@XX# #####.#
#####.### ......#
#. . ............#
.. .#
.........##.###
..#............ ..
.. ...............
# ## ...
............##.# .
...... ..#.. #.#
...................


You could see 2 tentacled starspawn.

Vanquished Creatures
  The ghost of losten the Cutter, a novice DsGl (D:6)
  Joseph (D:7)
  A harpy skeleton (Abyss:1)
  Sigmund (D:2)
  A ynoxinul (Abyss:1)
  A neqoxec (Abyss:1)
  A water moccasin (D:6)
  An orc warrior (D:6)
  2 ice beasts (D:5)
  A phantom (D:5)
  A bullfrog (D:6)
  4 scorpions
  4 wights (D:6)
  4 hounds (D:5)
  An orc priest (D:6)
  2 bombardier beetles
  Crazy Yiuf (D:2)
  A gnoll bouda (D:3)
  An iron imp (Abyss:1)
  Ijyb (D:3)
  5 iguanas
  2 orc wizards (D:4)
  3 sleepcaps
  Robin (D:3)
  11 adders
  18 gnolls
  2 river rats (D:6)
  2 white imps (D:5)
  2 ufetubi (D:6)
  4 dart slugs
  4 ribbon worms
  15 orcs
  10 endoplasms
  6 giant cockroaches
  13 goblins
  8 hobgoblins
  4 jackals (D:2)
  4 quokkas
  5 ball pythons
  4 bats
  A frilled lizard (D:3)
  6 kobolds
  5 rats
166 creatures vanquished.

Vanquished Creatures (collateral kills)
  An orc wizard (D:6)
  An orc (D:6)
2 creatures vanquished.

Vanquished Creatures (others)
  2 starspawn tentacles (Abyss:1)
2 creatures vanquished.

Grand Total: 170 creatures vanquished

Notes
Turn   | Place    | Note
-------+----------+-------------------------------------------
     0 | D:1      | Bnni the Formicid Earth Elementalist began the quest for
                  | the Orb.
     0 | D:1      | Reached XP level 1. HP: 13/13 MP: 3/3
    70 | D:1      | Reached skill level 1 in Conjurations
   143 | D:1      | Reached XP level 2. HP: 18/20 MP: 1/5
   412 | D:1      | Reached skill level 4 in Earth Magic
   963 | D:1      | Reached XP level 3. HP: 25/25 MP: 3/6
  1038 | D:1      | Learned a level 3 spell: Passwall
  1114 | D:2      | Reached skill level 1 in Fighting
  1197 | D:2      | Noticed Sigmund
  1201 | D:2      | Killed Sigmund
  1202 | D:2      | Reached skill level 5 in Earth Magic
  1202 | D:2      | Reached XP level 4. HP: 22/33 MP: 2/8
  1202 | D:2      | Reached XP level 5. HP: 25/38 MP: 2/9
  1202 | D:2      | Reached XP level 6. HP: 29/44 MP: 2/10
  1207 | D:2      | Learned a level 3 spell: Stone Arrow
  1764 | D:2      | Found a runed translucent door.
  1765 | D:2      | Noticed Crazy Yiuf
  1770 | D:2      | Killed Crazy Yiuf
  2077 | D:3      | Found a snail-covered altar of Cheibriados.
  2089 | D:3      | Became a worshipper of Cheibriados the Contemplative
  2257 | D:3      | Reached skill level 6 in Earth Magic
  2306 | D:3      | Found a shimmering altar of Xom.
  2364 | D:3      | Reached XP level 7. HP: 51/51 MP: 9/12
  2386 | D:3      | Noticed Ijyb
  2397 | D:3      | Killed Ijyb
  2398 | D:3      | Reached skill level 1 in Evocations
  2583 | D:3      | Reached * piety under Cheibriados
  2655 | D:3      | Noticed Robin
  2671 | D:3      | Killed Robin
  3012 | D:4      | Reached ** piety under Cheibriados
  3399 | D:4      | Reached skill level 7 in Earth Magic
  3400 | D:4      | Reached XP level 8. HP: 35/58 MP: 8/14
  3605 | D:5      | Entered Level 5 of the Dungeon
  3785 | D:5      | Reached *** piety under Cheibriados
  4140 | D:5      | Reached skill level 8 in Earth Magic
  4193 | D:5      | Found a broken altar of Ashenzari.
  4438 | D:5      | Found a bloodstained altar of Trog.
  4530 | D:5      | Found a hide-covered altar of Uskayaw.
  4672 | D:6      | Reached XP level 9. HP: 66/66 MP: 13/16
  4750 | D:6      | Reached skill level 5 in Spellcasting
  4758 | D:6      | Reached skill level 5 in Fighting
  4795 | D:6      | Found a runed translucent door.
  4800 | D:6      | Noticed losten's ghost (novice DsGl)
  4812 | D:6      | Reached skill level 9 in Earth Magic
  4956 | D:6      | Reached **** piety under Cheibriados
  5782 | D:6      | Found a runed translucent door.
  5900 | D:6      | Killed losten's ghost
  5901 | D:6      | Reached skill level 10 in Earth Magic
  5901 | D:6      | Reached skill level 5 in Evocations
  5996 | D:6      | Learned a level 4 spell: Brom's Barrelling Boulder
  6008 | D:7      | Noticed Joseph
  6013 | D:7      | Killed Joseph
  6014 | D:7      | Reached XP level 10. HP: 27/76 MP: 13/19
  6293 | Abyss:1  | Cast into level 1 of the Abyss (gnoll sergeant)
  6566 | Abyss:1  | Noticed a large abomination
  6581 | Abyss:1  | Noticed a thrashing horror
  6586 | Abyss:1  | Noticed a large abomination
  6627 | Abyss:1  | Reached skill level 1 in Armour
  6632 | Abyss:1  | Noticed a glowing orange brain
  6658 | Abyss:1  | Learned a level 4 spell: Petrify
  6666 | Abyss:1  | Noticed a wretched star
  6780 | Abyss:1  | Noticed a tentacled starspawn
  6781 | Abyss:1  | Noticed a tentacled starspawn
  6789 | Abyss:1  | Mangled by a tentacled starspawn

Illustrated notes

Levels and vault maps discovered:
D:1:      saegor_arrival_simple_e, layout_basic
D:2:      layout_loops_ring, uniq_crazy_yiuf_cottage, uniq_sigmund
D:3:      layout_loops_ring, nicolae_overflow_hidden_temple,
          cheibriados_altar_1, minmay_surrounded, uniq_ijyb, uniq_robin
D:4:      layout_cave_pools, grunt_ministairs_9
D:5:      kb_forest_paths, layout_rooms, nicolae_ashenzari_skybound,
          mainiacjoe_overflow_catch_the_wave
D:6:      layout_cave_pods, gup_sewer_entry_bubbles, ebering_ghost_sewer_f,
          minmay_tree_intersection
D:7:      layout_basic, minmay_temple_entry_from_below_a,
          gammafunk_ghost_cemetery, uniq_joseph
Abyss:1:  base:
D:5

Skill      XL: |  1  2  3  4  5  6  7  8  9 10 |
---------------+-------------------------------+-----
Conjurations   | 1 2 3 |  3.0
Earth Magic    | 4 5 6 7 8 10 | 10.9
Fighting       | 2 3 4 6 |  6.4
Spellcasting   | 3 4 6 |  6.4
Evocations     | 2 3 5 |  5.7
Armour         | 1 |  1.6
Dodging        | |  1.7
Stealth        | |  2.4

Action                     |  1- 3 |  4- 6 |  7- 9 | 10-12 || total
---------------------------+-------+-------+-------+-------++-------
  Melee: Unarmed           |     1 |       |       |       ||     1
         Whip              |     1 |       |    13 |       ||    14
         Punch             |       |       |     1 |       ||     1
         Dagger            |       |       |     1 |       ||     1
  Throw: Throwing net      |       |       |     2 |       ||     2
   Cast: Sandblast         |    32 |    47 |   189 |    16 ||   284
         Stone Arrow       |       |       |     5 |       ||     5
         Passwall          |       |       |       |     9 ||     9
Ability: Dig               |       |     1 |     2 |       ||     3
  Evoke: Wand              |       |       |     2 |       ||     2
    Use: Scroll            |       |       |     1 |     1 ||     2
 Armour: Robe              |     8 |     6 |       |       ||    14
         Ring mail         |       |     6 |   139 |    23 ||   168
  Dodge: Dodged            |     9 |    14 |   103 |    17 ||   143

Table legend: (Time is in decaauts)
 A = Elapsed time spent in this place.
 B = Non-inter-level travel time spent in this place.
 C = Inter-level travel time spent in this place.
 D = Time resting spent in this place.
 E = Time spent auto-exploring this place.
 F = Levels seen in this place.
 G = Mean time per level.
                   A        B        C        D        E       F      G
               +--------+--------+--------+--------+--------+-----+--------+
         Total |   8513 |   8238 |    275 |    637 |   5775 |   8 | 1064.1 |
       Dungeon |   7846 |   7571 |    275 |    406 |   5775 |   7 | 1120.9 |
         Abyss |    667 |    667 |      0 |    231 |      0 |   1 |  667.0 |
               +--------+--------+--------+--------+--------+-----+--------+

Top non-repeatable levels by time:
     D:6: 2035 daAuts
     D:5: 1372 daAuts
     D:4: 1071 daAuts
     D:3: 1066 daAuts
     D:1: 1049 daAuts
     D:2: 924 daAuts
 Abyss:1: 667 daAuts
     D:7: 326 daAuts
